 Dungeon Crawl Stone Soup version 0.28-a0-429-g1448048969 (webtiles) character file.

Game seed: 17855615558523943713

32428 mathmaestro the Grappler (level 13, -31/127 HPs)
             Began as a Troll Monk on Sept 11, 2021.
             Was a Believer of Jiyva.
             Annihilated by a bog body (43 damage)
             ... on level 3 of the Lair of Beasts on Sept 12, 2021.
             The game lasted 00:33:53 (13062 turns).

mathmaestro the Grappler (Troll Monk)              Turns: 13062, Time: 00:33:54

Health: -31/127    AC: 18    Str: 30    XL:     13   Next: 31%
Magic:  12/12      EV: 15    Int:  5    God:    Jiyva [**....]
Gold:   532        SH: 10    Dex: 15    Spells: 12/12 levels left

rFire   + + +      SeeInvis .     - Unarmed
rCold   x . .      Faith    .   y - +0 kite shield
rNeg    + . .      Spirit   .   c - +2 fire dragon scales
rPois   .          Reflect  .   f - +4 hat "Jerax" {rF+ rN+}
rElec   .          Harm     .   A - scarf {shadows}
rCorr   .          Rampage  .   (gloves unavailable)
Will    .....                   (boots unavailable)
Stlth   ..........              s - amulet of regeneration
HPRegen 2.31/turn               R - +6 ring of strength
MPRegen 0.13/turn               E - +4 ring of evasion

@: slowed, very slow
A: large, unfitting armour, claws 3, regeneration 1, shaggy fur 1, tough skin 1
a: Renounce Religion, Request Jelly


You were on level 3 of the Lair of Beasts.
You worshipped Jiyva.
Jiyva was pleased with you.
You visited 3 branches of the dungeon, and saw 16 of its levels.

You collected 1228 gold pieces.
You spent 696 gold pieces at shops.

Inventory:

Hand Weapons
 J - a +7 spear
 T - the +6 short sword "Huro" {drain, Contam rC++}
   (You found it on level 2 of the Lair of Beasts)

   A truly terrible weapon, it drains the life of any living foe it strikes.
   rC:        It greatly protects you from cold.
   Contam:    It causes magical contamination when unequipped.
Missiles
 h - 4 silver javelins
 v - 9 boomerangs
 w - 5 javelins
 H - 2 large rocks (quivered)
Armour
 c - +2 fire dragon scales (worn)
 f - the +4 hat "Jerax" (worn) {rF+ rN+}
   (You acquired it on level 4 of the Lair of Beasts)

   rF:        It protects you from fire.
   rN:        It protects you from negative energy.
 y - a +0 kite shield (worn)
 A - a scarf of shadows (worn)
Jewellery
 j - a ring of see invisible
 s - an amulet of regeneration (around neck)
 D - a ring of ice
 E - a +4 ring of evasion (right claw)
 R - a +6 ring of strength (left claw)
 S - a ring of willpower
 U - the ring "Teip" {rN+ rCorr}
   (You found it on level 2 of the Lair of Beasts)

   [ring of resist corrosion]

   rN:        It protects you from negative energy.
   rCorr:     It protects you from acid and corrosion.
Wands
 a - a wand of paralysis (6)
 o - a wand of iceblast (29)
 x - a wand of mindburst (9)
 B - a wand of flame (35)
 P - a wand of charming (9)
Scrolls
 b - 7 scrolls of immolation
 k - 5 scrolls of magic mapping
 l - 3 scrolls of fog
 z - 3 scrolls of blinking
 C - 3 scrolls of teleportation
 G - 4 scrolls of identify
Potions
 d - 2 potions of might
 e - a potion of brilliance
 g - a potion of resistance
 i - 4 potions of flight
 m - 3 potions of haste
 n - 3 potions of cancellation
 q - 6 potions of curing
 r - 4 potions of lignification
 K - 2 potions of invisibility
 O - 2 potions of berserk rage


   Skills:
 + Level 8.1 Fighting
 + Level 6.4 Throwing
 + Level 7.5 Armour
 + Level 8.1 Dodging
 - Level 1.0 Stealth
 * Level 8.6 Shields
 + Level 9.8 Unarmed Combat
 + Level 5.3 Evocations


You had 12 spell levels left.
You didn't know any spells.
Your spell library contained the following spells:

 Spells                   Type           Power      Damage    Failure   Level
 Shock                    Conj/Air       0%         1d3       77%         1
 Sting                    Tmut/Pois      0%         1d3       77%         1
 Slow                     Hex            0%         N/A       88%         2
 Static Discharge         Conj/Air       0%         N/A       88%         2
 Confusing Touch          Hex            0%         N/A       98%         3
 Portal Projectile        Hex/Tloc       0%         N/A       98%         3
 Swiftness                Air            0%         N/A       98%         3
 Tukima's Dance           Hex            0%         N/A       98%         3
 Vampiric Draining        Necr           0%         2d6       98%         3
 Airstrike                Air            0%         N/A       100%        4
 Dispel Undead            Necr           0%         3d6       100%        4
 Fulminant Prism          Conj/Hex       0%         3d6       100%        4
 Hailstorm                Conj/Ice       0%         3d3       100%        4
 Ice Form                 Ice/Tmut       0%         N/A       100%        4
 Iskenderun's Mystic Bla  Conj/Tloc      0%         2d3       100%        4
 Passage of Golubria      Tloc           N/A        N/A       100%        4
 Sticky Flame             Conj/Fire      0%         2d3       100%        4
 Blade Hands              Tmut           0%         N/A       100%        5
 Excruciating Wounds      Necr           0%         N/A       100%        5
 Lee's Rapid Deconstruct  Erth           0%         3d5*      100%        5
 Summon Forest            Summ/Tloc      0%         N/A       100%        5
 Summon Mana Viper        Hex/Summ       0%         N/A       100%        5
 Yara's Violent Unravell  Hex/Tmut       0%         3d3       100%        5
 Simulacrum               Ice/Necr       0%         N/A       100%        6
 Summon Cactus Giant      Summ           0%         N/A       100%        6
 Dragon Form              Tmut           0%         N/A       100%        7


Dungeon Overview and Level Annotations

Branches:
Dungeon (10/15)            Temple (1/1) D:6            Lair (5/6) D:8
 Spider (0/4) Lair:2        Slime (0/5) Lair:5
  Swamp: Lair:2-4    Shoals: Lair:2-4       Orc: D:9-12

Altars:
Ashenzari
Cheibriados
Dithmenos
Elyvilon
Fedhas
Gozag
Hepliaklqana
Kikubaaqudgha
Makhleb
Nemelex Xobeh
Okawaru
Qazlal
Ru
Sif Muna
Trog
Uskayaw
Vehumet
Wu Jian
Xom
Yredelemnul
Zin
The Shining One
Jiyva

Shops:
D:10 (?((!(

Annotations:
D:8 2 transporters, mewnfare's ghost, novice OgBe
Lair:3 1 transporter
Lair:4 exclusion: 2 oklob plants


Innate Abilities, Weirdness & Mutations

You are too large for most types of armour.
You have claws for hands.
Your natural rate of healing is unusually fast.
You are covered in fur. (AC +1)
You have tough skin. (AC +1)


Message History

You are too injured to fight recklessly!
You are too injured to fight recklessly!
You are too injured to fight recklessly!
You are too injured to fight recklessly!
You are too injured to fight recklessly!
You are too injured to fight recklessly!
Unknown command.
The bog body misses you.
Unknown command.
The swamp worm misses you.
You closely miss the swamp worm. The bog body touches you.
The bog body freezes you!!
You feel a terrible chill!
* * * LOW HITPOINT WARNING * * *
The swamp worm misses you.
Okay, then.
Blink to where?
Press: ? - help, Dir - move target
As you read the scroll of blinking, it crumbles to dust.
The swamp worm fires a harpoon shot at you.
The harpoon shot hits you.
* * * LOW HITPOINT WARNING * * *
You are yanked forward by the harpoon shot.
The bog body touches you but does no damage.
Unknown command.
As you read the scroll of fear, it crumbles to dust.
You assume a fearsome visage.
The bog body is unaffected.
The swamp worm looks frightened!
The bog body gestures at you while chanting.
The bolt of cold misses you.
Unknown command.
The bog body gestures at you while chanting.
The bolt of cold hits you!!
You feel a terrible chill!
* * * LOW HITPOINT WARNING * * *
Press: ? - help, v - describe, . - travel
Here: a bog body The floor.
You feel better. The bog body touches you!
* * * LOW HITPOINT WARNING * * *
The bog body freezes you!!!
You feel a terrible chill!
You die...

##.....................
###......P......##......#
#........#....PP#.#......
###...........#####.......
#..#.......#### ##>.####
#.......⌠°..## #..#
#......♣..♣..# #..#
#......♣..♣..## #.##
####P.♣♣.@♣♣..# ##..#
##.♣≈.n≈♣.#### #...#
#..♣≈..≈♣.##P###...#
#..♣≈.♣≈♣..........#
#..♣≈..≈♣..........####
#♣♣♣≈..≈♣♣##.P#......#.
♣♣..≈♣ ####.......# ♣≈♣[≈♣
#.......#. ♣≈..≈♣
#♣##......#..


You could see a bog body.

Vanquished Creatures
  A fire dragon (Lair:1)
  2 hydras (Lair:3)
  A catoblepas (Lair:3)
  An ogre mage (D:10)
  A two-headed ogre (D:10)
  3 death yaks (Lair:4)
  Urug (Lair:4)
  Sonja (D:10)
  4 black mambas
  An ice statue (Lair:2)
  2 torpor snails (Lair:2)
  7 cane toads
  2 rime drakes
  Psyche (D:10)
  A freezing wraith (Lair:2)
  6 komodo dragons
  A troll (D:10)
  2 polar bears
  2 hornets
  A jumping spider (Lair:2)
  7 blink frogs
  41 yaks
  3 wyverns
  A wraith (D:9)
  A redback (Lair:2)
  2 steam dragons
  2 wargs (D:8)
  The ghost of mistaj the Skirmisher, an amateur VSFi (D:4)
  An acid dragon (D:10)
  5 water moccasins
  3 orc warriors
  9 ice beasts
  3 sky beasts
  3 ogres
  14 wolves
  3 centaurs
  A kobold brigand (D:9)
  12 bullfrogs
  2 gnoll sergeants
  A scorpion (D:6)
  2 water moccasin zombies
  6 killer bees
  2 electric eels
  5 wights
  3 howler monkeys
  3 centaur zombies
  5 hounds
  A bullfrog zombie (D:4)
  5 jellies
  A bullfrog skeleton (D:5)
  9 orc priests
  2 centaur skeletons
  Jessica (D:2)
  A gnoll shaman (D:9)
  3 iguanas
  Natasha (twice) (D:2)
  4 orc wizards
  A killer bee zombie (D:7)
  A hound skeleton (D:4)
  A mummy (D:5)
  Robin (D:2)
  17 gnolls
  2 howler monkey skeletons
  8 adders
  A shadow imp (D:7)
  2 white imps
  An ufetubus (D:4)
  2 worms
  3 dart slugs
  29 orcs
  7 ball pythons
  6 bats
  5 endoplasms
  3 giant cockroaches
  16 goblins
  8 hobgoblins
  2 jackals (D:1)
  3 quokkas (D:1)
  4 frilled lizards
  4 kobolds
  3 rats
341 creatures vanquished.

Vanquished Creatures (collateral kills)
  Rupert (Lair:4)
  A bullfrog (Lair:4)
2 creatures vanquished.

Vanquished Creatures (others)
  A bullfrog (D:7)
  9 jellies (Lair:4)
  3 kobolds (D:9)
  28 fungi
  28 plants
  15 toadstools (Lair:4)
84 creatures vanquished.

Grand Total: 427 creatures vanquished

Notes
Turn   | Place    | Note
-------+----------+-------------------------------------------
     0 | D:1      | mathmaestro the Troll Monk began the quest for the Orb.
     0 | D:1      | Reached XP level 1. HP: 22/22 MP: 0/0
    31 | D:1      | Found a faded altar of an unknown god.
   149 | D:1      | Reached XP level 2. HP: 29/29 MP: 1/1
   948 | D:2      | Reached skill level 1 in Armour
   948 | D:2      | Reached XP level 3. HP: 19/36 MP: 2/2
  1314 | D:2      | Reached XP level 4. HP: 39/44 MP: 3/3
  1325 | D:2      | Noticed Natasha
  1334 | D:2      | Killed Natasha
  1448 | D:2      | Noticed Robin
  1453 | D:2      | Killed Robin
  1522 | D:2      | Noticed Jessica
  1531 | D:2      | Killed Jessica
  1532 | D:2      | Reached XP level 5. HP: 38/53 MP: 4/4
  1780 | D:2      | Noticed Natasha
  1786 | D:2      | Killed Natasha
  1787 | D:2      | Reached skill level 4 in Unarmed Combat
  2186 | D:4      | Found a basalt altar of Yredelemnul.
  2251 | D:4      | Found a runed translucent gate.
  2251 | D:4      | Found a runed translucent gate.
  2251 | D:4      | Found a runed translucent gate.
  2264 | D:4      | Noticed mistaj's ghost (amateur VSFi)
  2265 | D:4      | Identified the +2 short sword of Foolhardiness {vamp, rElec
                  | rPois rN+ Stlth+}
  2281 | D:4      | Found a broken altar of Ashenzari.
  2419 | D:4      | Reached XP level 6. HP: 61/61 MP: 5/5
  2419 | D:4      | Found a sparkling altar of Nemelex Xobeh.
  2425 | D:4      | Found a bloodstained altar of Trog.
  2433 | D:4      | Found a hazy altar of Hepliaklqana.
  2499 | D:4      | Got the Papyrus of Transformation
  2767 | D:4      | Killed mistaj's ghost
  2775 | D:4      | Reached XP level 7. HP: 58/68 MP: 6/6
  2816 | D:5      | Entered Level 5 of the Dungeon
  2903 | D:5      | Reached skill level 5 in Unarmed Combat
  3055 | D:5      | Found a glowing golden altar of the Shining One.
  3227 | D:5      | Found a snail-covered altar of Cheibriados.
  3843 | D:6      | Reached XP level 8. HP: 78/79 MP: 7/7
  4136 | D:6      | Found an ornate altar of the Wu Jian Council.
  4221 | D:6      | Reached skill level 5 in Fighting
  4224 | D:6      | Reached skill level 6 in Unarmed Combat
  4230 | D:6      | Reached skill level 5 in Dodging
  4528 | D:6      | Found a staircase to the Ecumenical Temple.
  4537 | Temple   | Entered the Ecumenical Temple
  5072 | D:7      | Found a burning altar of Makhleb.
  5198 | D:7      | Noticed a hornet
  5201 | D:7      | Paralysed by a hornet for 3 turns
  5205 | D:7      | Killed a hornet
  5206 | D:7      | Reached skill level 1 in Shields
  5206 | D:7      | Reached XP level 9. HP: 28/88 MP: 8/8
  5473 | D:7      | Reached skill level 1 in Throwing
  5479 | D:7      | Reached skill level 1 in Evocations
  5868 | D:8      | Found a transporter.
  6044 | D:8      | Found a staircase to the Lair.
  6066 | D:8      | Reached skill level 5 in Armour
  6149 | D:8      | Reached skill level 7 in Unarmed Combat
  6308 | D:8      | Found a transporter.
  6311 | D:8      | Noticed mewnfare's ghost (novice OgBe)
  6311 | D:8      | Noticed an unseen horror
  6711 | D:9      | Reached XP level 10. HP: 66/98 MP: 9/9
  7123 | D:9      | Paralysed by a hornet for 3 turns
  7277 | D:10     | Entered Level 10 of the Dungeon
  7297 | D:10     | Noticed Sonja
  7302 | D:10     | Killed Sonja
  7489 | D:10     | Noticed Psyche
  7500 | D:10     | Killed Psyche
  7678 | D:10     | Noticed an ogre mage
  7686 | D:10     | Paralysed by an ogre mage for 4 turns
  7692 | D:10     | Killed an ogre mage
  7732 | D:9      | Reached skill level 5 in Shields
  7913 | D:10     | Reached XP level 11. HP: 77/107 MP: 10/10
  7943 | D:10     | Reached skill level 8 in Unarmed Combat
  8130 | D:10     | Found Cucaos's Magic Scroll Shop.
  8131 | D:10     | Found Sopponog's Antique Weapon Boutique.
  8132 | D:10     | Found Muidank's Weapon Emporium.
  8132 | D:10     | Found Udiyme's Weapon Shoppe.
  8133 | D:10     | Found Gewitru's Distillery.
  8133 | D:10     | Found Estraj's Antique Weapon Shop.
  8133 | D:10     | Noticed a two-headed ogre
  8146 | D:10     | Killed a two-headed ogre
  8453 | D:10     | Bought a scroll of magic mapping for 42 gold pieces
  8453 | D:10     | Bought a scroll of fog for 24 gold pieces
  8453 | D:10     | Bought a scroll of identify for 24 gold pieces
  8453 | D:10     | Bought a scroll of blinking for 90 gold pieces
  8453 | D:10     | Bought a scroll of blinking for 90 gold pieces
  8453 | D:10     | Bought a scroll of blinking for 90 gold pieces
  8453 | D:10     | Bought a scroll of enchant weapon for 90 gold pieces
  8453 | D:10     | Bought a scroll of fear for 42 gold pieces
  8453 | D:10     | Bought a scroll of summoning for 114 gold pieces
  8453 | D:10     | Bought a scroll of noise for 12 gold pieces
  8508 | D:10     | Bought a potion of curing for 39 gold pieces
  8508 | D:10     | Bought a potion of curing for 39 gold pieces
  8562 | Lair:1   | Entered Level 1 of the Lair of Beasts
  9219 | Lair:1   | Noticed a fire dragon
  9245 | Lair:1   | Killed a fire dragon
  9818 | Lair:2   | Found a hole to the Spider Nest.
 10128 | Lair:2   | Reached XP level 12. HP: 91/118 MP: 11/11
 10304 | Lair:2   | Reached skill level 5 in Throwing
 10584 | Lair:2   | Identified the +6 short sword "Huro" {drain, Contam rC++}
 10589 | Lair:2   | Identified the ring "Teip" {rN+ rCorr}
 10752 | Lair:3   | Noticed a catoblepas
 10770 | Lair:3   | Killed a catoblepas
 10771 | Lair:3   | Reached skill level 9 in Unarmed Combat
 10853 | Lair:3   | Noticed a six-headed hydra
 10877 | Lair:3   | Killed a six-headed hydra
 10880 | Lair:3   | Noticed a four-headed hydra
 11071 | Lair:3   | Killed a four-headed hydra
 11379 | Lair:3   | Found a transporter.
 11568 | Lair:3   | You fall into a shaft and drop 2 floors!
 11719 | Lair:5   | Found a staircase to the Slime Pits.
 11720 | Lair:5   | Found a viscous altar of Jiyva.
 11737 | Lair:5   | Became a worshipper of Jiyva Jarozob the Shapeless
 11737 | Lair:5   | Reached * piety under Jiyva
 11737 | Lair:5   | Reached ** piety under Jiyva
 11850 | Lair:5   | Reached skill level 5 in Evocations
 11867 | Lair:5   | Noticed a seven-headed hydra
 11915 | Lair:4   | Identified a scroll of acquirement
 11916 | Lair:4   | Acquired the +4 hat "Jerax" {rF+ rN+}
 12031 | Lair:4   | Noticed Rupert
 12037 | Lair:4   | Killed Rupert
 12038 | Lair:4   | Reached XP level 13. HP: 121/127 MP: 12/12
 12050 | Lair:4   | Noticed Urug
 12061 | Lair:4   | Killed Urug
 12746 | Lair:4   | Found a blossoming altar of Fedhas.
 13062 | Lair:3   | Annihilated by a bog body

Illustrated notes

Levels and vault maps discovered:
D:1:      amcnicky_arrival_abandoned_market, layout_basic,
          basic_ecumenical_altar, serial_forest, infiniplex_forest_lined_2,
          infiniplex_forest_zigzag_2, infiniplex_forest_lined_3,
          infiniplex_forest_end_1, infiniplex_forest_clump_double,
          infiniplex_forest_end_2, infiniplex_forest_end_1
D:2:      layout_basic, st_stairs_3, grunt_ministairs_6, uniq_robin,
          uniq_natasha, uniq_jessica
D:3:      layout_rooms
D:4:      layout_cave_pools, minmay_overflow_temple_star_quad,
          lemuel_crystal_altar, cheibrodos_ashenzari_chains,
          gammafunk_ghost_necromancy
D:5:      layout_cave_pods, mainiacjoe_overflow_alcove_1, slow_altar_2,
          serial_co_window_serial, co_window_of_opportunity_a,
          co_window_paths_b, co_window_corner_a, co_window_corner_a,
          co_window_of_opportunity_a, co_window_of_opportunity_b,
          co_window_corner_b, co_window_broadway_b, co_window_paths_d,
          co_window_sun, glass_columns_b
D:6:      kennysheep_spiral_hall, layout_cave_pods, lemuel_round_altar,
          temple_statues
D:7:      layout_loops_cross, bloody_makhleb, kennysheep_crisscross
D:8:      layout_cave_pools, erik_lair_orcish_takeover, nzn_ghost_randoct,
          chequers_avenue, hangedman_decor_slide_cut
D:9:      layout_basic
D:10:     layout_loops_ring, nicolae_wooded_promenade, minmay_alternating_orb,
          uniq_sonja, uniq_psyche
Temple:   dshaligram_water_room_temple
Lair:1:   dragon1_lemuel, layout_gridlike, serial_bayou_shore_b
Lair:2:   layout_regular_city, spider_nest_entry_a, ice2_lemuel,
          infiniplex_staircase_pool_2
Lair:3:   gammafunk_cloud_chamber, layout_layer_cave,
          nicolae_swamp_entry_splash_gauntlet
Lair:4:   layout_loops_ring, tgw_fedhas, uniq_urug, uniq_rupert
Lair:5:   layout_misc_corridors, slime_altar_1

Skill      XL: |  1  2  3  4  5  6  7  8  9 10 11 12 13 |
---------------+----------------------------------------+-----
Armour         | 1 2 3 4 5 6 7 |  7.5
Fighting       | 3 4 5 6 7 8 |  8.1
Dodging        | 3 4 5 6 7 8 |  8.1
Unarmed Combat | 4 5 6 7 8 9 |  9.8
Shields        | 1 3 5 6 8 |  8.6
Throwing       | 2 3 4 6 |  6.4
Evocations     | 2 3 4 5 |  5.3
Stealth        | |  1.0

Action                   |  1- 3 |  4- 6 |  7- 9 | 10-12 | 13-15 || total
-------------------------+-------+-------+-------+-------+-------++-------
Melee: Unarmed           |    91 |   135 |   366 |   662 |   110 ||  1364
       Punch             |     1 |     4 |     8 |       |       ||    13
       Spear             |       |       |       |    19 |       ||    19
Throw: Large rock        |       |       |       |     8 |       ||     8
Evoke: Wand              |       |       |     4 |    18 |       ||    22
  Use: Scroll            |     3 |     9 |     6 |     9 |     4 ||    31
       Potion            |       |       |     1 |     4 |     1 ||     6
 Stab: Sleeping          |     1 |     2 |     2 |     2 |       ||     7
Armor: Robe              |    27 |    31 |    92 |    22 |       ||   172
       Troll leather arm |       |       |       |    53 |       ||    53
       Fire dragon scale |       |       |       |    79 |    27 ||   106
Dodge: Dodged            |    38 |    38 |   226 |   404 |    68 ||   774
Block: Kite shield       |       |       |    52 |   317 |    52 ||   421

Table legend: (Time is in decaauts)
 A = Elapsed time spent in this place.
 B = Non-inter-level travel time spent in this place.
 C = Inter-level travel time spent in this place.
 D = Time resting spent in this place.
 E = Time spent auto-exploring this place.
 F = Levels seen in this place.
 G = Mean time per level.
                   A        B        C        D        E       F      G
               +--------+--------+--------+--------+--------+-----+--------+
         Total |  13075 |  12341 |    734 |    654 |   8625 |  16 |  817.2 |
       Dungeon |   8477 |   7926 |    551 |    367 |   5764 |  10 |  847.7 |
        Temple |    132 |    110 |     22 |      0 |    100 |   1 |  132.0 |
          Lair |   4464 |   4304 |    160 |    286 |   2761 |   5 |  892.8 |
               +--------+--------+--------+--------+--------+-----+--------+

Top non-repeatable levels by time:
    D:10: 1230 daAuts
  Lair:2: 1150 daAuts
  Lair:4: 1042 daAuts
     D:5: 1040 daAuts
  Lair:3: 1006 daAuts
     D:1: 1005 daAuts
     D:6: 995 daAuts
  Lair:1: 968 daAuts
     D:7: 966 daAuts
     D:2: 810 daAuts
     D:9: 720 daAuts
     D:8: 694 daAuts
     D:4: 635 daAuts
     D:3: 377 daAuts
  Lair:5: 296 daAuts
